 Dungeon Crawl Stone Soup version 0.29.0-11-gd7f09526c8 (webtiles) character file.

Game seed: 275266866444805936

6280 mtoz the Carver (level 10, -3/115 HPs)
             Began as a Gnoll Wanderer on Sept 6, 2022.
             Was a Believer of Cheibriados.
             Slain by an eight-headed hydra (4 damage)
             ... on level 9 of the Dungeon.
             The game lasted 01:13:32 (11846 turns).

mtoz the Carver (Gnoll Wanderer)                   Turns: 11846, Time: 01:13:33

Health: -3/115     AC: 25    Str: 17    XL:     10   Next: 94%
Magic:  9/19       EV:  2    Int: 20    God:    Cheibriados [**....]
Gold:   73         SH:  5    Dex: 29    Spells: 0/21 levels left

rFire   . . .      SeeInvis .   M - +9 trident "Naumneeg" {vorpal, Dex+6}
rCold   . . .      Faith    .   (no shield)
rNeg    . . .      Spirit   .   (body armour currently unavailable)
rPois   +          Reflect  +   (helmet currently unavailable)
rElec   .          Harm     .   (cloak currently unavailable)
rCorr   .          Rampage  .   (gloves currently unavailable)
Will    .....      NoTele   +   (boots currently unavailable)
Stlth   ++++......              G - amulet of reflection
HPRegen 0.29/turn               v - +4 ring of evasion
MPRegen 0.16/turn               E - +6 ring of intelligence

@: tree-form, very slow
A: stationary, stasis, torment immunity, boosted hp, (fangs 1), strong nose,
distributed training, (horns 1), MP-powered wands
a: Renounce Religion, Bend Time


You were on level 9 of the Dungeon.
You worshipped Cheibriados.
Cheibriados was pleased with you.
You were a tree.
You visited 3 branches of the dungeon, and saw 11 of its levels.
You also visited: Sewer.

You collected 507 gold pieces.
You spent 434 gold pieces at shops.

Inventory:

Hand Weapons
 a - a +4 falchion of electrocution
 f - a +0 morningstar
 i - a +0 war axe
 w - a +0 sling
 z - a +3 spear
 A - the +2 whip "Ultimatum" {drain, Str+3}
   (You found it on level 6 of the Dungeon)

   A truly terrible weapon, it drains the life of any living foe it strikes.
   Str:       It affects your strength (+3).
 C - a +3 great sword
 H - a +0 flail
 L - a +0 halberd
 M - the +9 trident "Naumneeg" (weapon) {vorpal, Dex+6}
   (You found it on level 4 of the Dungeon)

   It inflicts extra damage upon your enemies.
   Dex:       It affects your dexterity (+6).
 N - a +2 whip of flaming
 W - a +1 short sword of flaming
Missiles
 s - a boomerang (quivered)
 x - 12 poisoned darts
 R - 33 stones
 V - 4 curare-tipped darts
Armour
 j - +0 acid dragon scales (melded)
 n - a +0 ring mail
 o - a +2 cloak (melded)
 q - a +0 chain mail
 O - a +2 pair of gloves (melded)
Magical Staves
 B - a staff of death
 P - a staff of cold
Jewellery
 v - a +4 ring of evasion (left branch)
 E - a +6 ring of intelligence (right branch)
 G - an amulet of reflection (around neck)
 K - a ring of magical power
 S - a ring of magical power
 Z - an amulet of the acrobat
Wands
 y - a wand of paralysis (8)
 I - a wand of polymorph (4)
 J - a wand of flame (11)
Scrolls
 b - a scroll of enchant weapon
 d - 4 scrolls of teleportation
 e - 2 scrolls of vulnerability
 l - 2 scrolls of summoning
 r - 2 scrolls of fog
 t - a scroll of amnesia
 U - 4 scrolls of fear
Potions
 g - 2 potions of cancellation
 h - 3 potions of curing
 k - a potion of resistance
 m - a potion of ambrosia
 p - 2 potions of flight
 D - a potion of brilliance
 F - 3 potions of mutation
 T - a potion of lignification
 X - a potion of might
 Y - a potion of invisibility


   Skills:
 + Level 6.5 Fighting
 + Level 6.0 Short Blades
 + Level 9.0 Long Blades
 + Level 6.0 Axes
 + Level 6.0 Maces & Flails
 + Level 6.0 Polearms
 + Level 6.5 Staves
 + Level 6.0 Ranged Weapons
 + Level 6.5 Throwing
 + Level 6.0 Armour
 + Level 6.5 Dodging
 + Level 6.4 Stealth
 + Level 6.0 Shields
 + Level 6.0 Unarmed Combat
 + Level 6.0 Spellcasting
 + Level 4.9 Conjurations
 + Level 4.9 Hexes
 + Level 4.9 Summonings
 + Level 4.9 Necromancy
 + Level 4.9 Translocations
 + Level 4.9 Transmutations
 + Level 4.9 Fire Magic
 + Level 4.9 Ice Magic
 + Level 4.9 Air Magic
 + Level 4.9 Earth Magic
 + Level 4.9 Poison Magic
 + Level 6.5 Invocations
 + Level 7.6 Evocations


You couldn't memorise any spells.
You knew the following spells:

 Your Spells              Type           Power      Damage    Failure   Level
a - Call Canine Familiar  Summ           25%        N/A       4%          3
b - Ignite Poison         Fire/Tmut/Pois 25%        N/A       4%          3
c - Teleport Other        Tloc           25%        N/A       4%          3
d - Gell's Gravitas       Tloc           25%        N/A       4%          3
e - Lesser Beckoning      Tloc           25%        N/A       4%          3
f - Conjure Flame         Conj/Fire      25%        6-21      4%          3
g - Portal Projectile     Hex/Tloc       50%        N/A       4%          3

Your spell library contained the following spells:

 Spells                   Type           Power      Damage    Failure   Level
 Leda's Liquefaction      Hex/Erth       12%        N/A       14%         4
 Sticky Flame             Conj/Fire      25%        2d5       14%         4


Dungeon Overview and Level Annotations

Branches:
Dungeon (9/15)             Temple (1/1) D:6            Lair (1/5) D:9
  Sewer (visited)
    Orc: D:9-12

Altars:
Ashenzari
Cheibriados
Dithmenos
Fedhas
Gozag
Hepliaklqana
Kikubaaqudgha
Makhleb
Nemelex Xobeh
Okawaru
Qazlal
Ru
Sif Muna
Trog
Uskayaw
Vehumet
Wu Jian
Xom
Zin
The Shining One

Shops:
D:4 =   D:8 *   D:9 :

Annotations:
D:9 Maggie


Innate Abilities, Weirdness & Mutations

You are a tree.
Your roots penetrate the ground, keeping you stationary.
You cannot be teleported.
You are immune to unholy pain and torment.
Your maximum health is greatly increased.
Your equipment is partially melded.
((You have very sharp teeth.))
Your uncanny sense of smell can sniff out nearby items.
Your experience applies equally to all skills.
((You have a pair of small horns on your head.))
You expend magic power (3 MP) to strengthen your wands.


Message History

The eight-headed hydra barely misses you.
The eight-headed hydra bites you but does no damage. x4
The bullfrog hits you but does no damage.
You block the water moccasin's attack.
You puncture the eight-headed hydra!
The eight-headed hydra is heavily wounded.
The eight-headed hydra bites you!
* * * LOW HITPOINT WARNING * * *
The eight-headed hydra bites you but does no damage. x2
The eight-headed hydra bites you.
* * * LOW HITPOINT WARNING * * *
The eight-headed hydra bites you but does no damage.
The eight-headed hydra completely misses you.
The eight-headed hydra bites you but does no damage.
The eight-headed hydra bites you!
* * * LOW HITPOINT WARNING * * *
The bullfrog hits you but does no damage.
The water moccasin bites you but does no damage.
You feel better. The eight-headed hydra bites you!
* * * LOW HITPOINT WARNING * * *
The eight-headed hydra bites you but does no damage. x4
You block the eight-headed hydra's attack.
The eight-headed hydra bites you!
* * * LOW HITPOINT WARNING * * *
The eight-headed hydra barely misses you.
The bullfrog hits you but does no damage.
You block the water moccasin's attack.
Casting: Teleport Other (mildly dangerous; 4% risk of failure)
Confirm with . or Enter, or press ? or * to list all spells.
Aiming: Lesser Beckoning (mildly dangerous; 4% risk of failure)
Press: ? - help, Shift-Dir - straight line, f/p - eight-headed hydra
Aim: an eight-headed hydra (heavily wounded, 100% to hit)
Nothing appears to happen.
The eight-headed hydra barely misses you.
You block the eight-headed hydra's attack.
The eight-headed hydra bites you.
* * * LOW HITPOINT WARNING * * *
The eight-headed hydra bites you but does no damage. x4
The eight-headed hydra bites you.
You die...

.# ##..# #####'##### .# #..##
####.........# '#####
####.######..'.........# .....#
#.........#.##.........# .....#
###.#.#####.##<........#
.....###.#.#.#...#.##.........#
.....'.#)###.#.#Y÷[##.........#
.....#.....#...#D####)........#
#'########.####.♣# #.........#
..# #.......FS# #.........# )##
##.[####### ##'######## .#
###)######### #.....# ###
#...........#######'### ..####
#...........+...#.....#
.....###...........###.#^....#
..##...#.....).....# #.'.....#
..####.'...........# ###.....#


You could see an eight-headed hydra, a yak, a water moccasin (slow) and a
bullfrog (slow).

Vanquished Creatures
  Pikel (D:7)
  A faun (D:6)
  A cyclops (D:7)
  The ghost of gabibbone the Skirmisher, a novice TeHu (D:4)
  4 yaks (D:9)
  A steam dragon (D:6)
  3 acid dragons
  2 sky beasts
  A black bear (D:6)
  An ice beast (D:6)
  A centaur (D:9)
  A phantom (D:5)
  2 kobold brigands (Sewer)
  4 bullfrogs
  3 necrophages
  5 scorpions
  16 wights
  4 killer bees (D:7)
  3 howler monkeys
  4 hounds
  4 jellies
  4 orc priests
  A gnoll bouda (D:9)
  2 iguanas
  Terence (D:2)
  12 orc wizards
  13 gnolls
  12 adders
  7 river rats
  2 white imps
  An ufetubus (D:6)
  A worm (D:2)
  8 dart slugs
  49 orcs
  11 ball pythons
  10 bats
  6 endoplasms
  5 giant cockroaches
  7 goblins
  9 hobgoblins
  6 jackals
  13 kobolds
  15 quokkas
  10 frilled lizards
  22 rats
290 creatures vanquished.

Vanquished Creatures (collateral kills)
  A gnoll (D:9)
1 creature vanquished.

Vanquished Creatures (others)
  A fungus (D:7)
  45 plants
46 creatures vanquished.

Grand Total: 337 creatures vanquished

Notes
Turn   | Place    | Note
-------+----------+-------------------------------------------
     0 | D:1      | mtoz the Gnoll Wanderer began the quest for the Orb.
     0 | D:1      | mtoz set off with the following items: a +2 falchion, a +0
                  | quarterstaff, a +0 helmet, a scroll of teleportation, a +0
                  | robe.
     0 | D:1      | Reached XP level 1. HP: 17/17 MP: 1/1
   124 | D:1      | Reached XP level 2. HP: 21/23 MP: 2/2
   264 | D:1      | Found a faded altar of an unknown god.
   573 | D:1      | Reached XP level 3. HP: 28/28 MP: 3/3
   948 | D:2      | Noticed Terence
   958 | D:2      | Killed Terence
   959 | D:2      | Reached skill level 1 in Short Blades
   959 | D:2      | Reached skill level 1 in Axes
   959 | D:2      | Reached skill level 1 in Maces & Flails
   959 | D:2      | Reached skill level 1 in Polearms
   959 | D:2      | Reached skill level 1 in Ranged Weapons
   959 | D:2      | Reached skill level 1 in Armour
   959 | D:2      | Reached skill level 1 in Shields
   959 | D:2      | Reached skill level 1 in Unarmed Combat
   959 | D:2      | Reached skill level 1 in Spellcasting
   959 | D:2      | Reached skill level 1 in Invocations
  1068 | D:2      | Reached XP level 4. HP: 27/34 MP: 5/5
  1168 | D:2      | Reached skill level 1 in Conjurations
  1168 | D:2      | Reached skill level 1 in Hexes
  1168 | D:2      | Reached skill level 1 in Summonings
  1168 | D:2      | Reached skill level 1 in Necromancy
  1168 | D:2      | Reached skill level 1 in Translocations
  1168 | D:2      | Reached skill level 1 in Transmutations
  1168 | D:2      | Reached skill level 1 in Fire Magic
  1168 | D:2      | Reached skill level 1 in Ice Magic
  1168 | D:2      | Reached skill level 1 in Air Magic
  1168 | D:2      | Reached skill level 1 in Earth Magic
  1168 | D:2      | Reached skill level 1 in Poison Magic
  1891 | D:2      | Reached XP level 5. HP: 37/40 MP: 7/7
  2891 | D:3      | Reached XP level 6. HP: 44/47 MP: 8/8
  3028 | D:3      | Reached skill level 5 in Evocations
  3324 | D:3      | Gained mutation: You have a pair of small horns on your
                  | head. [potion of mutation]
  3324 | D:3      | Gained mutation: You expend magic power (3 MP) to
                  | strengthen your wands. [potion of mutation]
  3645 | D:4      | Found Huylaof's Jewellery Shop.
  3704 | D:4      | Found a stormy altar of Qazlal.
  3752 | D:4      | Found a runed translucent door.
  3911 | D:4      | Identified the +9 trident "Naumneeg" {vorpal, Dex+6}
  4591 | D:4      | Noticed gabibbone's ghost (novice TeHu)
  4617 | D:5      | Entered Level 5 of the Dungeon
  4814 | D:5      | Reached skill level 7 in Long Blades
  4814 | D:5      | Reached XP level 7. HP: 49/52 MP: 10/10
  4843 | D:5      | Found a broken altar of Ashenzari.
  4845 | D:5      | Found a blossoming altar of Fedhas.
  4846 | D:5      | Found a radiant altar of Vehumet.
  4852 | D:5      | Found a sacrificial altar of Ru.
  4853 | D:5      | Found a shimmering altar of Xom.
  4857 | D:5      | Found an ancient bone altar of Kikubaaqudgha.
  4857 | D:5      | Found a sparkling altar of Nemelex Xobeh.
  4858 | D:5      | Found an opulent altar of Gozag.
  4860 | D:5      | Found an ornate altar of the Wu Jian Council.
  4863 | D:5      | Found a shadowy altar of Dithmenos.
  4868 | D:5      | Found a burning altar of Makhleb.
  5412 | D:5      | Found a hazy altar of Hepliaklqana.
  5461 | D:5      | Reached XP level 8. HP: 60/60 MP: 12/12
  5986 | D:6      | Found a glowing drain.
  6012 | Sewer    | Entered a sewer
  7048 | D:6      | Noticed a two-headed ogre
  7055 | D:6      | Noticed a faun
  7055 | D:6      | a two-headed ogre changed into a faun
  7060 | D:6      | Killed a faun
  7061 | D:6      | Reached XP level 9. HP: 67/67 MP: 10/15
  7082 | D:6      | Reached skill level 5 in Fighting
  7082 | D:6      | Reached skill level 5 in Staves
  7082 | D:6      | Reached skill level 5 in Throwing
  7082 | D:6      | Reached skill level 5 in Dodging
  7148 | D:6      | Reached skill level 5 in Stealth
  7202 | D:6      | Reached skill level 8 in Long Blades
  7361 | D:6      | Reached skill level 5 in Invocations
  7373 | D:6      | Found a hide-covered altar of Uskayaw.
  7434 | D:6      | Identified the +2 whip "Ultimatum" {drain, Str+3}
  7647 | D:6      | Found a staircase to the Ecumenical Temple.
  8107 | D:7      | Noticed Pikel
  8115 | D:7      | Killed Pikel
  8210 | Temple   | Entered the Ecumenical Temple
  8216 | Temple   | Became a worshipper of Cheibriados the Contemplative
  8349 | D:7      | Noticed a cyclops
  8362 | D:7      | Killed a cyclops
  8363 | D:7      | Reached skill level 5 in Short Blades
  8363 | D:7      | Reached skill level 5 in Axes
  8363 | D:7      | Reached skill level 5 in Maces & Flails
  8363 | D:7      | Reached skill level 5 in Polearms
  8363 | D:7      | Reached skill level 5 in Ranged Weapons
  8363 | D:7      | Reached skill level 5 in Armour
  8363 | D:7      | Reached skill level 5 in Shields
  8363 | D:7      | Reached skill level 5 in Unarmed Combat
  8363 | D:7      | Reached skill level 5 in Spellcasting
  8363 | D:7      | Reached XP level 10. HP: 52/76 MP: 17/17
  9396 | D:8      | Reached * piety under Cheibriados
 10199 | D:8      | Found Neacwyl's Assorted Antiques.
 10207 | D:8      | Bought a scroll of identify for 62 gold pieces
 10207 | D:8      | Bought a glowing orb for 372 gold pieces
 10400 | D:9      | Found a staircase to the Lair.
 10405 | D:9      | Reached ** piety under Cheibriados
 10672 | D:9      | Found Keufuopt's Self-Improvement Boutique.
 11017 | D:9      | Learned a level 3 spell: Call Canine Familiar
 11438 | D:4      | Killed gabibbone's ghost
 11571 | Lair:1   | Entered Level 1 of the Lair of Beasts
 11571 | Lair:1   | Noticed Maggie
 11576 | Lair:1   | Noticed an eight-headed hydra
 11606 | D:9      | Reached skill level 9 in Long Blades
 11796 | D:9      | Learned a level 3 spell: Ignite Poison
 11800 | D:9      | Learned a level 3 spell: Teleport Other
 11804 | D:9      | Learned a level 3 spell: Gell's Gravitas
 11808 | D:9      | Learned a level 3 spell: Lesser Beckoning
 11812 | D:9      | Learned a level 3 spell: Conjure Flame
 11816 | D:9      | Learned a level 3 spell: Portal Projectile
 11845 | D:9      | HP: 3/115 [eight-headed hydra (9)]
 11846 | D:9      | HP: 1/115 [eight-headed hydra (2)]
 11846 | D:9      | Slain by an eight-headed hydra

Illustrated notes

Levels and vault maps discovered:
D:1:      lemuel_arrival_broad_hall, layout_loops_ring,
          hellmonk_ecumenical_altar_zigzags
D:2:      layout_loops_ring, serial_forest, infiniplex_forest_clump_diagonal,
          infiniplex_forest_clump_medium, infiniplex_forest_clump_medium,
          infiniplex_forest_zigzag_1, infiniplex_forest_zigzag_1,
          infiniplex_forest_straight_2, infiniplex_forest_clump_tiny,
          kennysheep_boxes, uniq_terence
D:3:      layout_basic, minmay_vboxes
D:4:      layout_basic, mainiacjoe_overflow_brackets,
          ebering_ghost_reflecting_pool, serial_shops, shop, hex_medium
D:5:      lemuel_ratsnest, layout_loops_corners, nicolae_overflow_hidden_temple,
          nicolae_overflow_hallway_of_the_gods, kennysheep_generic_room_15
D:6:      layout_rooms, mainiacjoe_overflow_concentric_impassable,
          minmay_temple_entry_fiery, portal_sewer_entry_f,
          minmay_fractal_squares_5
D:7:      layout_cave_pods, minmay_misc_feat_tower, dreamdust_gnoll_farm,
          uniq_pikel
D:8:      layout_cave_pools, serial_shops, nicolae_shop_overgrown_old_shop
D:9:      layout_roguey, lair_entry_dummy, nicolae_shop_self_help
Temple:   hellmonk_temple_micro_hex
Lair:1:   beast_lair_carwin_large_2, layout_long_grid, wad_woods_road_06,
          serial_bayou_shore_a, uniq_maggie

Skill      XL: |  1  2  3  4  5  6  7  8  9 10 |
---------------+-------------------------------+-----
Short Blades   | 1 2 3 4 5 6 |  6.0
Axes           | 1 2 3 4 5 6 |  6.0
Maces & Flails | 1 2 3 4 5 6 |  6.0
Polearms       | 1 2 3 4 5 6 |  6.0
Ranged Weapons | 1 2 3 4 5 6 |  6.0
Armour         | 1 2 3 4 5 6 |  6.0
Shields        | 1 2 3 4 5 6 |  6.0
Unarmed Combat | 1 2 3 4 5 6 |  6.0
Spellcasting   | 1 2 3 4 5 6 |  6.0
Invocations    | 1 2 3 4 5 6 |  6.5
Conjurations   | 1 2 3 4 |  4.9
Hexes          | 1 2 3 4 |  4.9
Summonings     | 1 2 3 4 |  4.9
Necromancy     | 1 2 3 4 |  4.9
Translocations | 1 2 3 4 |  4.9
Transmutations | 1 2 3 4 |  4.9
Fire Magic     | 1 2 3 4 |  4.9
Ice Magic      | 1 2 3 4 |  4.9
Air Magic      | 1 2 3 4 |  4.9
Earth Magic    | 1 2 3 4 |  4.9
Poison Magic   | 1 2 3 4 |  4.9
Fighting       | 3 4 5 6 |  6.5
Staves         | 3 4 5 6 |  6.5
Throwing       | 3 4 5 6 |  6.5
Dodging        | 3 4 5 6 |  6.5
Stealth        | 3 4 5 6 |  6.4
Evocations     | 5 6 7 |  7.6
Long Blades    | 7 8 9 |  9.0

Action                   |  1- 3 |  4- 6 |  7- 9 | 10-12 || total
-------------------------+-------+-------+-------+-------++-------
Melee: Falchion          |    57 |   190 |       |       ||   247
       Bite              |     6 |    13 |    11 |    17 ||    47
       Punch             |       |     5 |     9 |    10 ||    24
       Trident           |       |    11 |   277 |   170 ||   458
       Headbutt          |       |     3 |    35 |    31 ||    69
Throw: Stone             |     4 |    19 |       |       ||    23
       Dart              |       |    18 |     9 |    51 ||    78
       Boomerang         |       |       |    68 |     1 ||    69
 Cast: Teleport Other    |       |       |       |     2 ||     2
       Call Canine Famil |       |       |       |     1 ||     1
       Lesser Beckoning  |       |       |       |     1 ||     1
Invok: Bend Time         |       |       |       |     1 ||     1
Evoke: Wand              |       |     1 |     1 |     2 ||     4
  Use: Scroll            |     2 |     6 |     8 |     5 ||    21
       Potion            |       |     4 |     3 |     6 ||    13
 Stab: Sleeping          |     3 |       |       |       ||     3
Armor: Robe              |     6 |       |       |       ||     6
       Chain mail        |    11 |    91 |    79 |    47 ||   228
       Skin              |       |       |       |    21 ||    21
       Acid dragon scale |       |       |       |    18 ||    18
Dodge: Dodged            |    34 |    71 |    99 |   186 ||   390
Block: Other             |       |     2 |    51 |    71 ||   124
       Reflection        |       |       |     2 |     3 ||     5
